 Dungeon Crawl Stone Soup version 0.28-a0-793-g31680bbd8b (webtiles) character file.

Game seed: 4365200436599279885

18 demibob the Ruffian (level 2, 26/26 HPs)
             Began as a Ghoul Monk on Nov 4, 2021.
             Was a Believer of Sif Muna.
             Quit the game on level 1 of the Dungeon.
             The game lasted 00:00:59 (658 turns).

demibob the Ruffian (Ghoul Monk)                     Turns: 658, Time: 00:00:59

Health: 26/26      AC:  2    Str: 14    XL:     2   Next: 70%
Magic:  1/1        EV: 12    Int:  5    God:    Sif Muna [**....]
Gold:   58         SH:  0    Dex: 11    Spells: 1/1 levels left

rFire   . . .      SeeInvis .     - Unarmed
rCold   + . .      Faith    .   (no shield)
rNeg    + + +      Spirit   .   a - +0 robe
rPois   ∞          Reflect  .   (no helmet)
rElec   .          Harm     .   (no cloak)
rCorr   .          Rampage  .   (no gloves)
Will    .....                   (no boots)
Stlth   ++........              (no amulet)
HPRegen 0.08/turn               (no ring)
MPRegen 0.07/turn               (no ring)

@: no status effects
A: claws 1, cold resistance 1, negative energy resistance 3, inhibited
regeneration, torment resistance 2
a: Renounce Religion, Channel Magic


You were on level 1 of the Dungeon.
You worshipped Sif Muna.
Sif Muna was pleased with you.
You visited 1 branch of the dungeon, and saw 1 of its levels.

You collected 58 gold pieces.


Innate Abilities, Weirdness & Mutations

You thrive by killing the living.
You are immune to poison.
You have sharp fingernails.
Your flesh is cold resistant. (rC+)
You are immune to negative energy. (rN+++)
You do not regenerate when monsters are visible.
You are immune to unholy pain and torment.


   Skills:
 - Level 3.2 Fighting
 - Level 2.6 Dodging
 - Level 2.1 Stealth
 + Level 4.3 Unarmed Combat


You had one spell level left.
You didn't know any spells.
Your spell library was empty.

Inventory:

Armour
 a - a +0 robe (worn)
Jewellery
 C - a ring of protection from cold
Scrolls
 b - a scroll of identify {unknown}
 c - a scroll of amnesia {unknown}

Dungeon Overview and Level Annotations

Branches:
Dungeon (1/15)

Altars:
Sif Muna

#..........#####..#
#....#
########.#.....#..##
#....##
#.......#...###.####.
###.#........##......
#.#.#.##.#.########
###.....##.#.........
###.'''''....#.▒▒▒▒▒▒..
#...'''''.##.#.........
#.(.''@''.##.#.▓▓..▓▓..
#...'''''.##.#.........
#...'''''###.##########
#........###..# #....
##.###........# #.###
#.#########..# #.#
#.......# #..#####.#
#######.# #.....##.#
#.####.##.##.#


There were no monsters in sight!


Message History

You closely miss the jackal. The jackal barely misses you.
You claw the jackal!
You kill the jackal!
You scratch the frilled lizard.
You kill the frilled lizard!
You start resting.
HP restored.
Things that are here:
a frilled lizard corpse; a jackal corpse; a jackal corpse You see here a jackal corpse.
b - a scroll labelled EPTABA TIODIYRPH
Things that are here:
a frilled lizard corpse; a jackal corpse; a jackal corpse You open the door.
There is an open door here.
There is an open door here.
There is an open door here.
There is an open door here.
Done exploring.
Done exploring.
Search for what [? for help]? altar
There is a stone staircase leading down here.
There is a huge open gate here.
There is a huge open gate here.
There is a faded altar of an unknown god here.
You cannot tell which god this altar belongs to.
Convert to them anyway?
Sif Muna accepts your prayer! Sif Muna welcomes you!
You can now call upon Sif Muna for magical energy.
Are you sure you want to abandon this character and quit the game? (Confirm with "yes".)

Skill      XL: |  1  2 |
---------------+-------+-----
Unarmed Combat | 4 |  4.3
Fighting       | |  3.2
Dodging        | |  2.6
Stealth        | |  2.1

Action                   || total
-------------------------++-------
Melee: Unarmed           ||    34
  Use: Potion            ||     1
 Stab: Sleeping          ||     2
Armor: Robe              ||     9
Dodge: Dodged            ||    32

Levels and vault maps discovered:
D:1:      dpeg_arrival_line_fractal, layout_basic,
          hellmonk_ecumenical_altar_heavens_door

Notes
Turn   | Place    | Note
-------+----------+-------------------------------------------
     0 | D:1      | demibob the Ghoul Monk began the quest for the Orb.
     0 | D:1      | Reached XP level 1. HP: 19/19 MP: 0/0
    36 | D:1      | Found a faded altar of an unknown god.
   201 | D:1      | Reached XP level 2. HP: 24/26 MP: 1/1
   234 | D:1      | Reached skill level 4 in Unarmed Combat
   657 | D:1      | Prayed at the altar of an unknown god.
   657 | D:1      | Became a worshipper of Sif Muna the Loreminder
   657 | D:1      | Reached * piety under Sif Muna
   657 | D:1      | Reached ** piety under Sif Muna
   658 | D:1      | Quit the game

Vanquished Creatures
  A dart slug (D:1)
  3 endoplasms (D:1)
  A hobgoblin (D:1)
  4 jackals (D:1)
  A quokka (D:1)
  2 ball pythons (D:1)
  A bat (D:1)
  A frilled lizard (D:1)
14 creatures vanquished.

Table legend: (Time is in decaauts)
 A = Elapsed time spent in this place.
 B = Non-inter-level travel time spent in this place.
 C = Inter-level travel time spent in this place.
 D = Time resting spent in this place.
 E = Time spent auto-exploring this place.
 F = Levels seen in this place.
 G = Mean time per level.
                   A        B        C        D        E       F      G
               +--------+--------+--------+--------+--------+-----+--------+
         Total |    655 |    617 |     38 |    163 |    366 |   1 |  655.0 |
       Dungeon |    655 |    617 |     38 |    163 |    366 |   1 |  655.0 |
               +--------+--------+--------+--------+--------+-----+--------+

Top non-repeatable levels by time:
     D:1: 655 daAuts

Table legend:
 A = Non-vault XP
 B = Vault XP
 C = Vault XP percentage of total XP
 D = Non-vault monster count
 E = Vault monster count
 F = Vault count percentage of total count
                 A         B        C        D         E       F
            +---------+---------+-------+---------+---------+-------
      Total |      27 |       0 |   0.0 |      14 |       0 |   0.0
            +---------+---------+-------+---------+---------+-------
        D:1 |      27 |       0 |   0.0 |      14 |       0 |   0.0
            +---------+---------+-------+---------+---------+-------
